 Dungeon Crawl Stone Soup version 0.21-a0-88-g13b9641 (webtiles) character file.

7034 grindst0ne the Archer (level 10, -10/96 HPs)
             Began as a Centaur Hunter on June 27, 2017.
             Was a Priest of Trog.
             Mangled by a two-headed ogre
             ... wielding a +0 giant spiked club
              (17 damage)
             ... on level 10 of the Dungeon.
             The game lasted 00:31:08 (10816 turns).

grindst0ne the Archer (Centaur Hunter)             Turns: 10816, Time: 00:31:09

Health: -10/96     AC: 16    Str: 18    XL:     10   Next: 83%
Magic:  0/10       EV:  7    Int: 14    God:    Trog [***...]
Gold:   166        SH:  0    Dex: 10    Spells: 9/9 levels left

rFire    . . .     SeeInvis .   a - +1 shortbow
rCold    + . .     Gourm    .   (shield currently unavailable)
rNeg     . . .     Faith    .   K - +3 leather armour
rPois    .         Spirit   +   O - +1 helmet
rElec    .         Reflect  .   G - +0 cloak (curse)
rCorr    .         Harm     .   q - +0 pair of gloves
MR       ++...                  H - +0 centaur barding
Stlth    +.........             W - amulet of guardian spirit
HPRegen  1.26/turn              t - ring of protection from cold
MPRegen  0.12/turn              I - +4 ring of intelligence

@: regenerating, slowed
A: hooves 3, deformed body, speed 2, tough skin 3
a: Berserk, Trog's Hand, Burn Spellbooks, Renounce Religion


You were on level 10 of the Dungeon.
You worshipped Trog.
Trog was most pleased with you.
You were not hungry.

You visited 2 branches of the dungeon, and saw 11 of its levels.

You collected 615 gold pieces.
You spent 449 gold pieces at shops.

Inventory:

Hand Weapons
 a - a +1 shortbow (weapon)
 b - the +6 rapier "Perchaenol" {pierce, *Slow MR++ Int+3}
   (You bought it in a shop on level 8 of the Dungeon)

   It inflicts extra damage upon your enemies.
   It affects your intelligence (+3).
   It affects your resistance to hostile enchantments.
   It may slow you when you take damage.
 T - a +0 war axe of freezing
Missiles
 d - 17 arrows (quivered)
 M - a throwing net
Armour
 c - a +0 leather armour
 o - a +0 cloak
 q - a +0 pair of gloves (worn)
 G - a cursed +0 cloak (worn)
 H - a +0 centaur barding (worn)
 K - a +3 leather armour (worn)
 O - a +1 helmet (worn)
Jewellery
 l - an uncursed ring of fire
 m - an uncursed amulet of harm
 t - a ring of protection from cold (left hand)
 I - a +4 ring of intelligence (right hand)
 W - an amulet of guardian spirit (around neck)
Wands
 J - a wand of digging (13/24)
 V - a wand of polymorph (8/24)
 X - a wand of disintegration (14/24)
Scrolls
 g - a scroll of enchant weapon {unknown}
 i - 2 scrolls of random uselessness {unknown}
 j - 7 scrolls of teleportation
 n - 2 scrolls of magic mapping {unknown}
 u - 4 scrolls of remove curse {unknown}
 y - 4 scrolls of noise {unknown}
 A - 2 scrolls of enchant armour {unknown}
 B - a scroll of immolation {unknown}
 C - 4 scrolls of fog {unknown}
 D - 2 scrolls of blinking {unknown}
 F - a scroll of silence {unknown}
 L - 2 scrolls of identify
 P - a scroll of recharging {unknown}
 Q - a scroll of vulnerability {unknown}
 U - a scroll of amnesia {unknown}
Potions
 e - 4 potions of curing
 k - 4 potions of agility
 p - a potion of mutation {unknown}
 r - a potion of flight {unknown}
 s - 4 potions of haste
 x - a potion of brilliance {unknown}
 z - a potion of resistance {unknown}
 E - a potion of heal wounds
 S - a potion of lignification {unknown}
Books
 N - a Young Poisoner's Handbook

   Spells                             Type                      Level
   a - Sting                          Conjuration/Poison           1
   b - Poisonous Vapours              Poison/Air                   2
   c - Mephitic Cloud                 Conjuration/Poison/Air       3
   d - Olgreb's Toxic Radiance        Poison                       4
   e - Venom Bolt                     Conjuration/Poison           5
   Trog disapproves of the use of such an item.
Comestibles
 f - 7 bread rations
 h - 3 royal jellies
 v - 3 meat rations
 w - 8 fruits


   Skills:
 + Level 11.3 Fighting
 + Level 2.4 Short Blades
 - Level 1.5 Axes
 + Level 14.6 Bows
 + Level 2.5 Armour
 - Level 1.3 Dodging
 - Level 0.4 Stealth


You had 9 spell levels left.
You didn't know any spells.

Dungeon Overview and Level Annotations

Branches:
Dungeon (10/15)            Temple (1/1) D:4
   Lair: D:8-11         Orc: D:9-12

Altars:
Ashenzari
Cheibriados
Dithmenos
Elyvilon
Fedhas
Gozag
Hepliaklqana
Kikubaaqudgha
Makhleb
Nemelex Xobeh
Okawaru
Qazlal
Ru
Sif Muna
Trog
Uskayaw
Vehumet
Wu Jian
Xom
Yredelemnul
Zin
The Shining One

Shops:
D:5 *   D:7 [   D:8 (

Annotations:
D:8 Erica


Innate Abilities, Weirdness & Mutations

You have hooves in place of feet.
Armour fits poorly on your strangely shaped body.
You cover ground very quickly.
You have extremely tough skin. (AC +3)


Message History

Reactivating autopickup.
Your life force feels restored.
You feel a bit more experienced.
You hear two shouts!
You hear an angry hiss.
The wizard mumbles some strange words.
The wizard blinks!
The two-headed ogre barely misses you.
The two-headed ogre hits you with a giant spiked club.
Your skin crawls.
You feel resistant to hostile enchantments.
You feel somewhat more hungry.
The two-headed ogre hits you with a giant spiked club.
* * * LOW HITPOINT WARNING * * *
The two-headed ogre hits you with a giant spiked club!!
* * * LOW HITPOINT WARNING * * *
The two-headed ogre barely misses you.
The two-headed ogre hits you with a giant spiked club!
* * * LOW HITPOINT WARNING * * *
The two-headed ogre hits you with a giant spiked club!
You die...

##....>......####
##.......##......####
##.......###.........####
.........# ##..###.......
#.###...## #..# #####...
.##..## #..# #### .##..#
##.. # .##.# #..# #.#@#
## #.#O# . ##..# #. #.#.#
#.# ##.#.# #.# ##.####
#.#####p## ##..#..##
###(.().##


You could see a two-headed ogre and a wizard.

Vanquished Creatures
  4 two-headed ogres
  Joseph (D:9)
  A kobold demonologist (D:8)
  Grinder (D:6)
  3 hippogriffs
  A wyvern (D:8)
  An ice beast (D:9)
  A sky beast (D:6)
  An orc warrior (D:8)
  6 ogres
  A necrophage (D:9)
  A phantom (D:7)
  2 centaurs
  A bullfrog (D:6)
  A scorpion (D:9)
  3 electric eels (D:6)
  The ghost of sagitran the Cutter, a weakling GnWn (D:3)
  2 crimson imps
  A bullfrog zombie (D:5)
  3 jellies
  4 orc priests
  2 hounds
  2 bullfrog skeletons (D:7)
  3 iguanas
  5 orc wizards
  6 worker ants
  A hound skeleton (D:4)
  A worker ant zombie (D:6)
  A howler monkey zombie (D:6)
  4 gnolls (D:4)
  17 adders
  A shadow imp (D:8)
  2 oozes (D:3)
  2 adder skeletons
  7 worms
  2 dart slugs (D:2)
  4 leopard geckos
  40 orcs
  6 giant cockroaches
  6 goblins
  4 hobgoblins
  10 jackals
  6 quokkas
  2 ball pythons
  4 bats
  8 frilled lizards
  A jackal skeleton (D:4)
  10 kobolds
  A leopard gecko skeleton (D:4)
  A leopard gecko zombie (D:4)
  A quokka zombie (D:5)
  7 rats
207 creatures vanquished.

Vanquished Creatures (others)
  An ogre mage (D:10)
1 creature vanquished.

Grand Total: 208 creatures vanquished

Notes
Turn   | Place    | Note
-------+----------+-------------------------------------------
     0 | D:1      | grindst0ne the Centaur Hunter began the quest for the Orb.
     0 | D:1      | Reached XP level 1. HP: 17/17 MP: 1/1
   486 | D:1      | Reached XP level 2. HP: 25/25 MP: 2/2
   999 | D:2      | Reached skill level 6 in Bows
  1002 | D:2      | Reached XP level 3. HP: 30/30 MP: 3/3
  1385 | D:2      | Reached XP level 4. HP: 38/38 MP: 4/4
  1504 | D:2      | Found a sacrificial altar of Ru.
  1504 | D:2      | Found a shattered altar of Ashenzari.
  1600 | D:2      | Found a glowing golden altar of the Shining One.
  2375 | D:3      | Noticed sagitran's ghost (weakling GnWn)
  2403 | D:3      | Killed sagitran's ghost
  2468 | D:3      | Reached XP level 5. HP: 46/46 MP: 5/5
  2593 | D:3      | Reached skill level 7 in Bows
  2838 | D:3      | Noticed an ogre
  2865 | D:3      | Killed an ogre
  3026 | D:4      | Reached XP level 6. HP: 53/53 MP: 6/6
  3247 | D:4      | Reached skill level 5 in Fighting
  3287 | D:4      | Reached skill level 8 in Bows
  3571 | D:4      | Found a staircase to the Ecumenical Temple.
  3952 | Temple   | Entered the Ecumenical Temple
  4071 | Temple   | Became a worshipper of Trog the Wrathful
  4243 | D:5      | Entered Level 5 of the Dungeon
  4534 | D:5      | Reached XP level 7. HP: 36/62 MP: 7/7
  4743 | D:5      | Found Naka Fosm's General Store.
  4752 | D:5      | Reached skill level 9 in Bows
  4769 | D:5      | Bought a scroll of teleportation for 45 gold pieces
  4769 | D:5      | Bought a potion of curing for 45 gold pieces
  4769 | D:5      | Bought a scroll of identify for 30 gold pieces
  5123 | D:5      | Found a hide-covered altar of Uskayaw.
  5135 | D:5      | Noticed a hand axe
  5136 | D:5      | Noticed a dagger
  5324 | D:5      | Found a stormy altar of Qazlal.
  5522 | D:6      | Found a snail-covered altar of Cheibriados.
  5751 | D:6      | Found a shimmering altar of Xom.
  5933 | D:6      | Noticed Grinder
  5995 | D:6      | Paralysed by Grinder for 4 turns
  6004 | D:6      | Paralysed by Grinder for 5 turns
  6022 | D:6      | Killed Grinder
  6022 | D:6      | Reached skill level 10 in Bows
  6022 | D:6      | Reached XP level 8. HP: 35/73 MP: 8/8
  6506 | D:6      | Found a basalt altar of Yredelemnul.
  6506 | D:6      | Found a burning altar of Makhleb.
  6670 | D:6      | Found a radiant altar of Vehumet.
  6762 | D:6      | Reached * piety under Trog
  6908 | D:6      | Found an ornate altar of the Wu Jian Council.
  6963 | D:6      | Reached skill level 11 in Bows
  7378 | D:7      | Noticed a two-headed ogre
  7397 | D:7      | Found Hawn's Antique Armour Emporium.
  7397 | D:7      | Found a sparkling altar of Nemelex Xobeh.
  7417 | D:7      | Killed a two-headed ogre
  7417 | D:7      | Reached skill level 12 in Bows
  7417 | D:7      | Reached XP level 9. HP: 26/83 MP: 9/9
  7436 | D:7      | Bought a runed leather armour for 140 gold pieces
  8033 | D:7      | Reached ** piety under Trog
  8119 | D:7      | Found a blossoming altar of Fedhas.
  8649 | D:8      | Noticed a two-headed ogre
  8684 | D:8      | Killed a two-headed ogre
  8684 | D:8      | Reached skill level 10 in Fighting
  8684 | D:8      | Reached skill level 13 in Bows
  8977 | D:8      | Reached XP level 10. HP: 91/94 MP: 10/10
  9028 | D:8      | Noticed a two-headed ogre
  9072 | D:8      | Killed a two-headed ogre
  9072 | D:8      | Reached skill level 14 in Bows
  9135 | D:8      | Noticed Erica
  9258 | D:8      | Found Lideatamp's Antique Weapon Boutique.
  9261 | D:8      | Noticed a two-headed ogre
  9272 | D:8      | Killed a two-headed ogre
  9272 | D:8      | Reached skill level 1 in Axes
  9272 | D:8      | Reached skill level 1 in Armour
  9559 | D:8      | Bought a smoking rapier for 189 gold pieces
  9559 | D:8      | Identified the +6 rapier "Perchaenol" {pierce, *Slow MR++ Int+3} (You bought it in a shop on level 8 of the Dungeon)
  9997 | D:9      | Reached skill level 1 in Short Blades
 10156 | D:9      | Reached *** piety under Trog
 10282 | D:9      | Noticed Joseph
 10302 | D:9      | Killed Joseph
 10710 | D:10     | Entered Level 10 of the Dungeon
 10788 | D:10     | Noticed an ogre mage
 10791 | D:10     | Noticed a wizard
 10792 | D:10     | Noticed a two-headed ogre
 10808 | D:10     | Killed an ogre mage
 10813 | D:10     | HP: 3/96 [two-headed ogre/giant spiked club (6)]
 10816 | D:10     | Mangled by a two-headed ogre

Vault maps used:
D:1:      mrwooster_arrival_statue
D:2:      nicolae_overflow_crystal_walls, gammafunk_temple_overflow_wave,
          nrook_loot_triangle, minmay_joined_circles
D:3:      first_bread, minmay_checkerbox
D:4:      temple_statues
D:5:      dancing_weapons_uskayaw, nicolae_overflow_hidden_temple, serial_shops,
          shop_statue
D:6:      cheibriados_altar_1, kennysheep_mini, lemuel_coloured_pillars_altar,
          chequers_temple_overflow_statue_of_worship, marbit_many_paths,
          serial_bayou, serial_bayou_shore_a, serial_bayou_lake_a,
          serial_bayou_shore_b, serial_bayou_pond_d, serial_bayou_shore_b,
          st_stairs_5, uniq_grinder
D:7:      nemelex_xobeh_ov_fountains_minmay, lemuel_doored_altar, serial_shops,
          shop, hangedman_decor_lopped, grunt_ogre_cave
D:8:      serial_shops, nicolae_shop_crystal, uniq_erica
D:9:      uniq_joseph
D:10:     minmay_the_grid_octo_triangle
Temple:   nicolae_temple_figure_zero

Skill      XL: |  1  2  3  4  5  6  7  8  9 10 |
---------------+-------------------------------+-----
Bows           | 6 7 8 10 12 13 14 | 14.6
Fighting       | 3 4 5 7 9 10 11 | 11.3
Axes           | 1 |  1.5
Armour         | 2 |  2.5
Short Blades   | 2 |  2.4
Dodging        | |  1.3
Stealth        | |  0.4

Action                   |  1- 3 |  4- 6 |  7- 9 | 10-12 || total
-------------------------+-------+-------+-------+-------++-------
Melee: Short sword       |     6 |       |       |       ||     6
       Kick              |     3 |     1 |     3 |       ||     7
       War axe           |       |     2 |    18 |     1 ||    21
       Rapier            |       |       |       |     5 ||     5
 Fire: Shortbow          |    85 |   263 |   356 |   174 ||   878
Invok: Trog's Hand       |       |       |       |     1 ||     1
  Use: Scroll            |       |       |     3 |       ||     3
       Potion            |       |       |     1 |       ||     1
  Eat: Chunk             |       |     8 |    11 |     4 ||    23
Armor: Leather armour    |    21 |    24 |    63 |    26 ||   134
Dodge: Dodged            |    13 |    42 |    43 |    19 ||   117
